CorruptionSegfaultFreeze, neutral female scurrid Tourist @ CorruptionSegfaultFreeze the Rambler Experience level: 1 Strength: 14 Dexterity: 10 Constitution: 14 Intelligence: 12 Wisdom: 9 Charisma: 16 Health: 0(12) Energy: 2(2) Def: 0 Gold: 736 Moves: 105 Dungeon seed: SIzfY3ImdFCHVwRV Game ID: CorruptionSegfaultFreeze_1498593354 Your Inventory: Coins $ - 736 gold pieces Weapons a - 38 uncursed +2 darts (in quiver) Armor e - an uncursed +0 Hawaiian shirt (being worn) Comestibles b - an uncursed chestnut c - 4 uncursed food rations d - 2 uncursed tripe rations f - an uncursed tin of lichen h - an uncursed egg Scrolls j - 4 uncursed scrolls of magic mapping Wands m - an uncursed wand of secret door detection (0:13) Tools k - an uncursed expensive camera (0:92) l - an uncursed credit card Spells and supernatural/magical abilities: Name Level Category Fail Memory W - pray for help -- divine ? -- Your skills at the end: Miscellaneous Skills wands [Basic] Weapon Skills dart [Basic] Spellcasting Skills Final Attributes: You were devoutly aligned. You had infravision. You were very stealthy. You were swallowed by an ice vortex. You are dead. Vanquished creatures: a freezing sphere Voluntary challenges: You went without food. You did not adorn yourself with jewelry or accessories. You did not cause conflict. You were not invisible. You did not have reflection. You were not displaced. You were an atheist. You never hit with a wielded weapon. You were a pacifist. You did not use containers. You did not apply a unicorn horn. You did not use plumbed fixtures. You read items or engraved 1 time, starting on turn 41. You never genocided any monsters. You never polymorphed an object. You never changed form. You used no wishes. You never split a pudding. You never wrote Elbereth's name. You never violated your personal moral code. Dungeon overview: The Dungeons of Doom: levels 1 to 27 Level 1 a fountain a long staircase Level 2 Level 3 a sink Level 4 Level 5 Level 6 Level 7 Level 8 Level 9 Level 10 Level 11 Level 12 Level 13 Level 14 Level 15 a magic portal Level 16 Level 17 Level 18 Level 19 Level 20 Level 21 Level 22 Level 23 Level 24 Level 25 Level 26 a fountain Level 27 <- You were here some trees History has recorded: On T:1 you entered the Dungeons of Doom to retrieve the Amulet of Yendor! On T:4 you reached level 2 of The Dungeons of Doom. On T:7 you reached level 3 of The Dungeons of Doom. On T:9 you reached level 4 of The Dungeons of Doom. On T:11 you reached level 5 of The Dungeons of Doom. On T:13 you reached level 6 of The Dungeons of Doom. On T:16 you reached level 7 of The Dungeons of Doom. On T:18 you reached level 8 of The Dungeons of Doom. On T:20 you reached level 9 of The Dungeons of Doom. On T:22 you reached level 10 of The Dungeons of Doom. On T:25 you reached level 11 of The Dungeons of Doom. On T:27 you reached level 12 of The Dungeons of Doom. On T:29 you reached level 13 of The Dungeons of Doom. On T:31 you reached level 14 of The Dungeons of Doom. On T:34 you reached level 15 of The Dungeons of Doom. On T:36 you reached level 16 of The Dungeons of Doom. On T:38 you reached level 17 of The Dungeons of Doom. On T:38 you entered the Rogue tribute level. On T:43 you reached level 18 of The Dungeons of Doom. On T:46 you reached level 19 of The Dungeons of Doom. On T:48 you reached level 20 of The Dungeons of Doom. On T:55 you reached level 21 of The Dungeons of Doom. On T:57 you reached level 22 of The Dungeons of Doom. On T:60 you reached level 23 of The Dungeons of Doom. On T:62 you reached level 24 of The Dungeons of Doom. On T:64 you reached level 25 of The Dungeons of Doom. On T:67 you reached level 26 of The Dungeons of Doom. On T:71 you reached The Castle. Score breakdown: Gold: 58 ( 5 points) Experience: 1 level ( 0 points) Exploration: 27 levels ( 780 points) Discoveries: 1 item ( 50 points) Variety of kills: 1 monster ( 50 points) Major goal: (nothing yet) ( 0 points) Survival: died (score multiplied by 3) Total score: 2655 Latest messages: You duck some of the blast. Please move the cursor to an unknown object. Done. The blue dragon is blinded by the flash! The blue dragon turns to flee! The ice vortex engulfs you! The dart hits the ice vortex. You are freezing to death! The dart hits the ice vortex! The dart hits the ice vortex! You are freezing to death! The dart hits the ice vortex. You are freezing to death! You die... Final status: Aloha CorruptionSegfaultFreeze the Tourist, killed by an ice vortex... You died in The Dungeons of Doom on dungeon level 27 with 2655 points, and 736 pieces of gold, after 105 moves. You were level 1 with a maximum of 12 hit points when you died.